 Dungeon Crawl Stone Soup version 0.29-a0-106-g0a07039d5a (webtiles) character file.

Game seed: 3607484141196072489

49 YayAnonymity the Sneak (level 3, -1/21 HPs)
             Began as an Octopode Enchanter on Feb 16, 2022.
             Splashed by a jelly's acid (5 damage)
             ... on level 2 of the Dungeon.
             The game lasted 00:02:11 (2183 turns).

YayAnonymity the Sneak (Octopode Enchanter)         Turns: 2183, Time: 00:02:12

Health: -1/21      AC: -7    Str:  7    XL:     3   Next: 77%
Magic:  6/6        EV: 13    Int: 19    God:
Gold:   46         SH:  0    Dex: 12    Spells: 6/6 levels left

rFire   . . .      SeeInvis .   a - +2 dagger
rCold   . . .      Faith    .   (no shield)
rNeg    . . .      Spirit   .   (helmet restricted)
rPois   .          Reflect  .   (no amulet)
rElec   .          Harm     .   (no ring)
rCorr   .          Rampage  .   (no ring)
Will    .....                   (no ring)
Stlth   ++++......              (no ring)
HPRegen 0.07/turn               (no ring)
MPRegen 0.10/turn               (no ring)
                                (no ring)
                                (no ring)

@: corroded
A: almost no armour, amphibious, 8 rings, camouflage 1, gelatinous body 1,
(nimble swimmer 1), tentacles
a: no special abilities


You were on level 2 of the Dungeon.
You visited 1 branch of the dungeon, and saw 2 of its levels.

You collected 46 gold pieces.

Inventory:

Hand Weapons
 a - a +2 dagger (weapon)
Jewellery
 g - a +6 ring of dexterity
Scrolls
 d - a scroll of torment {unknown}
 e - 2 scrolls of teleportation {unknown}
 f - 2 scrolls of identify {unknown}
 h - 2 scrolls of enchant weapon
Potions
 b - a potion of invisibility
 c - 2 potions of flight {unknown}
 i - a potion of cancellation {unknown}
 j - a potion of mutation {unknown}


   Skills:
 + Level 2.1 Short Blades
 - Level 2.0 Dodging
 + Level 5.0 Stealth
 - Level 2.0 Spellcasting
 + Level 3.6 Hexes


You had 6 spell levels left.
You didn't know any spells.
Your spell library contained the following spells:

 Spells                   Type           Power      Damage    Failure   Level
 Ensorcelled Hibernation  Hex/Ice        16%        N/A       12%         2
 Confusing Touch          Hex            15%        N/A       12%         3
 Tukima's Dance           Hex            15%        N/A       12%         3
 Dazzling Flash           Conj/Hex       16%        N/A       24%         3


Dungeon Overview and Level Annotations

Branches:
Dungeon (2/15)

Altars:


Innate Abilities, Weirdness & Mutations

You cannot wear most types of armour.
You are amphibious.
You can wear up to eight rings at the same time.
Your skin changes colour to match your surroundings (Stealth+).
Your rubbery body absorbs attacks. (AC +1, EV +1)
((You are camouflaged when in or above water. (Stealth+)))
You have tentacles for arms and can constrict up to eight enemies at once.


Message History

An adder is nearby!
Found a whip.
You miss the adder.
The adder hisses angrily.
Your grab misses the adder. You squeeze the adder!
The adder is almost dead.
The adder bites you.
You are poisoned.
The adder poisons you!
You hit the adder. Your grab misses the adder.
The adder is almost dead.
You feel sick. The adder bites you.
You hit the adder.
You kill the adder!
You feel sick.
Your Short Blades skill increases to level 2!
Your Stealth skill increases to level 5!
No target in view!
You feel sick.
You feel sick.
You feel sick.
You are no longer poisoned.
A hobgoblin comes into view.
The hobgoblin shouts!
You see here a +0 whip.
The hobgoblin hits you.
You hit the hobgoblin but do no damage. Your grab misses the hobgoblin.
The hobgoblin barely misses you.
You hit the hobgoblin.
You kill the hobgoblin!
A dart slug comes into view.
A dart slug is nearby!
Found a pink potion and 10 gold pieces.
The jelly hits you. The acid corrodes you!
You are splashed with acid!
You hit the jelly but do no damage.
Your tentacles burn!
The jelly hits you. The acid corrodes you!
You are splashed with acid!
* * * LOW HITPOINT WARNING * * *
You are too injured to fight recklessly!
You hit the jelly.
Your tentacles burn!
You die...

#.#### #.#.### #.##.## .
......# #.#... #.###.. ...
...... #...... ..# #.##.#
♣..8.$∩ #.# #.##.# !......
#.# #.##.#####
......J##.#####.........
......∩@...........#####
#.............##.#.###.####
#......................#
##...♣..∩..B..∩..##.....#
#................ #.###.#
#................ ..# #.#
#....∩..∩..∩..... #.# #.#
#................ #.. ..#
#...........


You could see a jelly and a giant cockroach (asleep).

Vanquished Creatures
  An adder (D:2)
  2 dart slugs
  2 ball pythons
  3 giant cockroaches (D:1)
  6 goblins
  5 hobgoblins
  3 jackals (D:1)
  2 quokkas
  2 frilled lizards (D:1)
  4 kobolds
  3 rats
33 creatures vanquished.

Notes
Turn   | Place    | Note
-------+----------+-------------------------------------------
     0 | D:1      | YayAnonymity the Octopode Enchanter began the quest for the
                  | Orb.
     0 | D:1      | Reached XP level 1. HP: 11/11 MP: 3/3
   305 | D:1      | Reached XP level 2. HP: 14/17 MP: 5/5
  1029 | D:1      | Reached XP level 3. HP: 21/21 MP: 6/6
  1612 | D:2      | Identified the +1 leather armour of Depression {Will+ Str+4
                  | Int+2 Dex-2}
  1988 | D:2      | Reached skill level 5 in Stealth
  2183 | D:2      | Splashed by a jelly's acid

Illustrated notes

Levels and vault maps discovered:
D:1:      lordsloth_arrival_two_stooges, layout_loops_ring
D:2:      layout_loops_ring, hellmonk_ecumenical_altar_arch_garden

Skill      XL: |  1  2  3 |
---------------+----------+-----
Short Blades   | 2 |  2.1
Stealth        | 5 |  5.0
Dodging        | |  2.0
Spellcasting   | |  2.0
Hexes          | |  3.6

Action                   || total
-------------------------++-------
Melee: Dagger            ||    71
       Constrict         ||    19
       Tentacles         ||    11
       Punch             ||     2
  Use: Scroll            ||     1
 Stab: Sleeping          ||     7
       Distracted        ||     1
Armor: Skin              ||     2
Dodge: Dodged            ||    28

Table legend: (Time is in decaauts)
 A = Elapsed time spent in this place.
 B = Non-inter-level travel time spent in this place.
 C = Inter-level travel time spent in this place.
 D = Time resting spent in this place.
 E = Time spent auto-exploring this place.
 F = Levels seen in this place.
 G = Mean time per level.
                   A        B        C        D        E       F      G
               +--------+--------+--------+--------+--------+-----+--------+
         Total |   2180 |   2112 |     68 |    710 |   1164 |   2 | 1090.0 |
       Dungeon |   2180 |   2112 |     68 |    710 |   1164 |   2 | 1090.0 |
               +--------+--------+--------+--------+--------+-----+--------+

Top non-repeatable levels by time:
     D:1: 1508 daAuts
     D:2: 671 daAuts
